AoeStats
← Tarco I4967

Yucatan

510519482Analyzed
4v4 RM · 2d ago on Oct 1, 2026· 52m 56s· 8 players
Game mode
Random Map
Map size
Large (8 player)
Population
200
Speed
Normal
Resources
Standard
Victory
Conquest
Starting age
Dark Age
Ending age
Imperial Age
RankedLock teamsTeams togetherTeam positionsShared explorationLock speedFull tech treeHidden civsTurbo modeCheats
Victory
Defeat
🇨🇳 Teutons · China
773
+14
🇯🇵 Khitans · Japan
756
+15
🇲🇳 Franks · Mongolia
756
+15
🇺🇸 Danes · United States
722
+24
🇮🇳 Saracens · India
805
-18
🇨🇭 Mongols · Switzerland
803
-17
🇨🇳 Persians · China
699
-14
🇦🇷 Teutons · Argentina
631
-11
ogipochi_
12:19 Feudal Age
11:31 Loom
12:51 Double-Bit Axe
12:56 Gold Mining
13:20 Man-at-Arms
14:24 Arson
15:04 Forging
14:54 Scale Mail Armor
15:58 Wheelbarrow
15:08 Town Watch
16:53 Fishing Lines
17:09 Domestication
21:27 Castle Age
20:57 Scale Mail Armor
21:53 Long Swordsman
22:19 Gambesons
22:35 Squires
25:08 Bow Saw
25:50 Pikeman
27:03 Pastoralism
28:25 Gillnets
31:37 Iron Casting
33:02 Chain Mail Armor
38:46 Imperial Age
36:31 Hand Cart
36:17 Town Patrol
37:19 Lamellar Armor
38:51 Capped Ram
38:56 Elite Liao Dao
40:01 Conscription
39:04 Two-Handed Swordsman
40:16 Plate Mail Armor
39:54 Siege Ram
40:44 Champion
Fireballa9
8:22 Loom
11:14 Feudal Age
16:28 Castle Age
15:56 Scale Mail Armor
17:06 Double-Bit Axe
17:05 Horse Collar
17:19 Gold Mining
17:23 Stone Mining
19:05 Wheelbarrow
21:22 Hand Cart
26:13 Squires
25:58 Arson
26:31 Chain Mail Armor
36:10 Forging
36:05 Gold Mining
40:10 Hamask
41:28 Iron Casting
43:27 Imperial Age
40:52 Pikeman
43:39 Halberdier
45:39 Elite Jomsviking
46:40 Conscription
46:11 Halberdier
Apexxy
10:28 Feudal Age
11:56 Wheelbarrow
11:41 Double-Bit Axe
13:48 Gold Mining
15:26 Stone Mining
18:51 Castle Age
19:47 Hand Cart
20:32 Bow Saw
25:08 Stone Mining
28:50 Town Watch
29:59 Loom
30:15 Town Patrol
30:28 Scale Mail Armor
30:33 Padded Archer Armor
30:23 Fletching
34:51 Imperial Age
33:21 Gold Shaft Mining
32:49 Arson
33:06 Squires
35:16 Forging
35:21 Chain Mail Armor
35:12 Scale Barding Armor
35:25 Leather Archer Armor
35:05 Bodkin Arrow
36:21 Cavalier
37:01 Husbandry
37:04 Chivalry
36:34 Pikeman
38:33 Chemistry
37:54 Ballistics
37:40 Siphons
37:13 Ordonnance Companies
38:49 Paladin
40:30 Iron Casting
41:05 Conscription
41:13 Chain Barding Armor
41:48 Hoardings
42:29 Blast Furnace
42:23 Plate Mail Armor
41:56 Treadmill Crane
42:28 Masonry
42:13 Murder Holes
42:16 Elite Throwing Axeman
44:15 Plate Barding Armor
chentao_1209
0:39 Loom
14:17 Feudal Age
19:03 Castle Age
17:01 Double-Bit Axe
17:34 Horse Collar
20:08 Wheelbarrow
23:00 Hand Cart
26:12 Bow Saw
28:38 Imperial Age
27:31 Scale Mail Armor
28:43 Chain Mail Armor
28:39 Forging
30:00 Heavy Plow
31:12 Chemistry
30:33 Ballistics
30:24 Fortified Wall
30:22 Gold Mining
31:37 Stone Mining
31:42 Arrowslits
32:39 Cavalier
33:31 Bloodlines
33:41 Pikeman
34:22 Squires
34:07 Arson
35:03 Crop Rotation
35:33 Scale Barding Armor
35:59 Plate Mail Armor
36:04 Iron Casting
36:16 Stone Shaft Mining
37:18 Paladin
41:31 Iron Casting
41:17 Chain Barding Armor
44:04 Plate Barding Armor
44:30 Blast Furnace
44:35 Two-Man Saw
Blobby
1:34 Loom
11:31 Feudal Age
12:31 Double-Bit Axe
17:17 Castle Age
15:24 Horse Collar
18:50 Bow Saw
20:30 Horse Collar
21:43 Stone Mining
24:28 Wheelbarrow
27:41 Fletching
29:03 Padded Archer Armor
29:35 Thumb Ring
30:32 Bloodlines
30:23 Husbandry
30:47 Ballistics
Tarco I4967
6:34 Loom
13:40 Feudal Age
15:39 Double-Bit Axe
17:32 Wheelbarrow
17:13 Horse Collar
23:35 Castle Age
23:49 Forging
23:40 Scale Mail Armor
23:34 Fletching
25:38 Hand Cart
26:55 Gold Mining
26:59 Stone Mining
26:56 Crossbowman
26:57 Elite Skirmisher
28:48 Bodkin Arrow
29:28 Iron Casting
28:56 Padded Archer Armor
29:15 Scale Barding Armor
JAS
11:28 Feudal Age
10:13 Loom
15:44 Castle Age
13:48 Double-Bit Axe
13:46 Horse Collar
15:26 Loom
17:57 Bow Saw
19:13 Wheelbarrow
18:52 Heavy Plow
23:42 Gold Mining
23:45 Stone Mining
28:44 Hand Cart
32:06 Imperial Age
30:47 Scale Barding Armor
30:53 Forging
31:08 Padded Archer Armor
30:59 Fletching
32:59 Chain Barding Armor
33:17 Iron Casting
33:11 Chain Barding Armor
32:27 Elite Mameluke
34:00 Husbandry
34:11 Bloodlines
34:41 Plate Barding Armor
35:44 Blast Furnace
35:56 Conscription
36:19 Scale Mail Armor
36:36 Leather Archer Armor
36:17 Bodkin Arrow
35:52 Heavy Camel Rider
37:38 Counterweights
38:08 Bracer
38:40 Ring Archer Armor
39:01 Chain Mail Armor
40:38 Two-Man Saw
41:19 Hoardings
41:50 Plate Mail Armor
42:13 Ballistics
42:54 Chemistry
43:05 Gold Shaft Mining
小鱼鱼鱼
9:06 Loom
13:45 Feudal Age
14:51 Town Watch
17:33 Castle Age
15:23 Double-Bit Axe
16:48 Gold Mining
16:44 Horse Collar
17:20 Stone Mining
18:40 Bow Saw
18:37 Heavy Plow
21:56 Wheelbarrow
26:51 Gold Shaft Mining
28:19 Hand Cart
28:06 Town Patrol
Connection lost

Rejoining the realm…

Still unreachable

The connection could not be restored.

Session expired

The server has moved on; the page needs a fresh start.